AoeStats
← Fenix

Arabia

505135082Analyzed
1v1 RM · 25d ago on Sep 8, 2026· 38m 12s· 2 players
Game mode
Random Map
Map size
Tiny (2 player)
Population
200
Speed
Normal
Resources
Standard
Victory
Conquest
Starting age
Dark Age
Ending age
Imperial Age
RankedLock teamsTeams togetherTeam positionsShared explorationLock speedFull tech treeHidden civsTurbo modeCheats
Victory
Defeat
🇵🇪 Khmer · Peru
1484
+14
🇦🇷 Malians · Argentina
1437
-14
Tutifruti1647
6:26 Loom
9:19 Feudal Age
13:32 Double-Bit Axe
19:57 Castle Age
19:10 Horse Collar
21:12 Wheelbarrow
22:36 Fletching
26:55 Scale Mail Armor
31:59 Forging
Fenix
5:44 Loom
8:20 Feudal Age
9:03 Double-Bit Axe
11:11 Town Watch
20:17 Castle Age
18:26 Horse Collar
20:00 Bloodlines
25:00 Gold Mining
25:24 Light Cavalry
34:53 Imperial Age
Connection lost

Rejoining the realm…

Still unreachable

The connection could not be restored.

Session expired

The server has moved on; the page needs a fresh start.